 Dungeon Crawl Stone Soup version 0.25-a0-513-ge77a69270c (webtiles) character file.

Game seed: 12017038173876944336, levelgen mode: classic

98 EnegeticOcto the Shield-Bearer (level 4, -10/42 HPs)
             Began as a Deep Dwarf Fighter on Feb 16, 2020.
             Mangled by an ogre
             ... wielding a +0 giant spiked club
              (19 damage)
             ... on level 4 of the Dungeon.
             The game lasted 00:00:38 (662 turns).

EnegeticOcto the Shield-Bearer (Deep Dwarf Fighter)  Turns: 662, Time: 00:00:39

Health: -10/42     AC:  7    Str: 20    XL:     4   Next: 43%
Magic:  4/4        EV:  8    Int:  9    God:
Gold:   75         SH: 10    Dex: 12    Spells: 3/3 levels left

rFire    . . .     SeeInvis .   a - +0 war axe
rCold    . . .     Gourm    .   c - +1 kite shield
rNeg     . . .     Faith    .   b - +0 scale mail
rPois    .         Spirit   .   (no helmet)
rElec    .         Reflect  .   (no cloak)
rCorr    +         Harm     .   (no gloves)
MR       .....                  (no boots)
Stlth    ..........             (no amulet)
HPRegen  0.00/turn              g - ring of resist corrosion
MPRegen  0.09/turn              (no ring)

@: non-regenerating
A: damage resistance, heal wounds, sense surroundings 1, no regeneration
a: Heal Wounds


You were on level 4 of the Dungeon.
You were not hungry.

You visited 1 branch of the dungeon, and saw 4 of its levels.

You collected 75 gold pieces.

Inventory:

Hand Weapons
 a - a +0 war axe (weapon)
Armour
 b - a +0 scale mail (worn)
 c - a +1 kite shield (worn)
Jewellery
 g - a ring of resist corrosion (left hand)
Potions
 d - 2 potions of might {@q3}
 h - a potion of heal wounds {unknown}
Comestibles
 e - 7 rations
 f - 10 chunks of flesh


   Skills:
 + Level 3.1 Fighting
 * Level 3.5 Axes
 + Level 3.8 Armour
 + Level 1.4 Dodging
 + Level 3.8 Shields


You had 3 spell levels left.
You didn't know any spells.
Your spell library contained the following spells:

 Spells                   Type           Power        Failure   Level  Hunger
 Animate Skeleton         Necr           N/A          99%         1    ##.....
 Apportation              Tloc           #.....       99%         1    ##.....
 Corona                   Hex            #......      99%         1    ##.....
 Summon Small Mammal      Summ           #...         99%         1    ##.....


Dungeon Overview and Level Annotations

Branches:
Dungeon (4/15)
 Temple: D:4-7

Altars:
Nemelex Xobeh


Innate Abilities, Weirdness & Mutations

You are resistant to damage.
You can heal yourself by infusing magical energy.
You passively map a small area around you.
You do not regenerate.


Message History

Your Dodging skill increases to level 1!
You have reached level 4!
You feel clever.
You hit the jackal. You block the jackal's attack. x2
You barely miss the jackal.
The jackal is almost dead.
You block the jackal's attack. x2
A worm comes into view.
You slash the jackal!
You kill the jackal!
Items here: )) [ † a +0 short sword; a +0 mace; a +0 scale mail; an orc corpse You slash the worm!
The worm is almost dead.
The worm bites you.
Your shield and scale mail prevent you from hitting the worm.
The worm is severely wounded.
You slash the worm!
You kill the worm!
No target in view!
No target in view!
No target in view!
You butcher the orc corpse.
f - 8 chunks of flesh (gained 4)
Items here: )) [ ÷ a +0 short sword; a +0 mace; a +0 scale mail; an orc skeleton
Items here: )) [ ÷ a +0 short sword; a +0 mace; a +0 scale mail; an orc skeleton You butcher the jackal corpse.
f - 9 chunks of flesh (gained 1)
You see here a jackal skeleton. x2
You butcher the jackal corpse.
f - 10 chunks of flesh (gained 1)
You see here a jackal skeleton. x2
Items here: )) [ ÷ a +0 short sword; a +0 mace; a +0 scale mail; an orc skeleton
Things that are here:
a +0 dagger; a +0 robe
There is a stone staircase leading up here.
Found 21 stones.
You now have 75 gold pieces (gained 20).
e - 7 rations (gained 1)
A worker ant comes into view.
The worker ant twitches its antennae in your direction.
A worker ant is nearby!
A worker ant is nearby!
You block the worker ant's attack. x2
You barely miss the worker ant.
The worker ant bites you but does no damage.
You hit the worker ant.
The worker ant is moderately wounded.
The worker ant bites you but does no damage.
The worker ant bites you.
You slash the worker ant!
The worker ant is severely wounded.
The worker ant bites you but does no damage.
You block the worker ant's attack.
You hit the worker ant but do no damage.
The worker ant is severely wounded.
The worker ant bites you.
The worker ant bites you but does no damage.
You slash the worker ant!
You kill the worker ant!
No target in view!
No target in view!
An ogre comes into view. It is wielding a +0 giant spiked club.
The ogre shouts!
A hound comes into view.
A giant cockroach comes into view.
The ogre moves out of view.
There are monsters nearby!
There are monsters nearby!
The hound barks!
The ogre barely misses you. The hound closely misses you.
You hit the ogre.
The ogre is moderately wounded.
You hit the hound. You block the hound's attack. The ogre closely misses you.
The hound bites you but does no damage.
Your shield and scale mail prevent you from hitting the ogre.
The ogre is moderately wounded.
You hit the giant cockroach. You hit the hound.
The hound stops to sniff the ground.
The hound bites you. You block the giant cockroach's attack.
You block the hound's attack. The giant cockroach barely misses you.
The ogre hits you with a +0 giant spiked club!
* * * LOW HITPOINT WARNING * * *
You are too injured to fight recklessly!
You fail to use your ability.
The hound barely misses you. You block the giant cockroach's attack.
You are too injured to fight recklessly!
You are too injured to fight recklessly!
You are too injured to fight recklessly!
You are too injured to fight recklessly!
You are too injured to fight recklessly!
You are too injured to fight recklessly!
You are too injured to fight recklessly!
You are too injured to fight recklessly!
You are too injured to fight recklessly!
You fail to use your ability.
The hound bites you but does no damage.
The ogre hits you with a +0 giant spiked club!!
You die...

* , #....###### ,
.# ####.### * * *
..* #......#
###.* #......# ,
# ... #......#
##.##..###......#
........##......#
* **
......hO#####.###
,
#.####@#.......#
,
#.....s...###.#.#
#..#####..# #.#.#
, ** #..# #.#.#
#..# #.#.# * ##.#
#.#.# * * , ,,..#
#.... , * #..
#.... , , ##.


You could see an ogre, a hound and a giant cockroach.

Vanquished Creatures
  An orc wizard (D:4)
  A worker ant (D:4)
  2 worms
  2 dart slugs
  A leopard gecko (D:4)
  3 orcs (D:4)
  2 giant cockroaches
  4 goblins
  A hobgoblin (D:1)
  2 jackals (D:4)
  2 kobolds
  4 bats
  3 frilled lizards
  5 rats
33 creatures vanquished.

Notes
Turn   | Place    | Note
-------+----------+-------------------------------------------
     0 | D:1      | EnegeticOcto the Deep Dwarf Fighter began the quest for the
                  | Orb.
     0 | D:1      | Reached XP level 1. HP: 20/20 MP: 1/1
   231 | D:2      | Found a sparkling altar of Nemelex Xobeh.
   280 | D:2      | Reached XP level 2. HP: 27/27 MP: 2/2
   555 | D:4      | Reached XP level 3. HP: 30/33 MP: 3/3
   598 | D:4      | Reached skill level 1 in Dodging
   598 | D:4      | Reached XP level 4. HP: 18/42 MP: 4/4
   656 | D:4      | Noticed an ogre
   662 | D:4      | Mangled by an ogre

Levels and vault maps discovered:
D:1:      matt_arrival_grand_opening, layout_basic
D:2:      layout_basic, tso_altar, first_ration, nemelex_spade_bored_becter,
          uniq_robin
D:3:      layout_loops_ring, nicolae_ru_path_of_blood
D:4:      layout_basic, vehumet_crystals, lemuel_coloured_pillars_altar,
          doesnt_xom_only_xom

Skill      XL: |  1  2  3 |
---------------+----------+-----
Axes           | 3 |  3.5
Fighting       | 3 |  3.1
Dodging        | 1 |  1.4
Armour         | |  3.8
Shields        | |  3.8

Action                   |  1- 3 |  4- 6 || total
-------------------------+-------+-------++-------
Melee: War axe           |    83 |    12 ||    95
  Use: Scroll            |     2 |       ||     2
Armor: Scale mail        |    35 |     6 ||    41
Dodge: Dodged            |    26 |     5 ||    31
Block: Kite shield       |    63 |    11 ||    74

Table legend:
 A = Non-vault XP
 B = Vault XP
 C = Vault XP percentage of total XP
 D = Non-vault monster count
 E = Vault monster count
 F = Vault count percentage of total count
                 A         B        C        D         E       F
            +---------+---------+-------+---------+---------+-------
      Total |     140 |       0 |   0.0 |      33 |       0 |   0.0
            +---------+---------+-------+---------+---------+-------
        D:1 |       8 |       0 |   0.0 |       6 |       0 |   0.0
        D:2 |      20 |       0 |   0.0 |      12 |       0 |   0.0
        D:3 |      12 |       0 |   0.0 |       5 |       0 |   0.0
        D:4 |     100 |       0 |   0.0 |      10 |       0 |   0.0
            +---------+---------+-------+---------+---------+-------
